 Dungeon Crawl Stone Soup version 0.26.1-16-g4e020e15dc (webtiles) character file.

Game seed: 3678613228719417910

53 BiteMe the Firebug (level 3, 0/24 HPs)
             Began as a Demonspawn Fire Elementalist on Dec 27, 2023.
             Slain by a worker ant (6 damage)
             ... on level 4 of the Dungeon.
             The game lasted 00:15:37 (2118 turns).

BiteMe the Firebug (Demonspawn Fire Elementalist)   Turns: 2118, Time: 00:15:38

Health: 0/24       AC:  4    Str: 10    XL:     3   Next: 62%
Magic:  2/6        EV: 12    Int: 17    God:
Gold:   63         SH:  0    Dex: 13    Spells: 2/6 levels left

rFire    . . .     SeeInvis .   b - +0 short sword
rCold    . . .     Faith    .   (no shield)
rNeg     . . .     Spirit   .   a - +0 robe
rPois    .         Reflect  .   (helmet restricted)
rElec    .         Harm     .   (no cloak)
rCorr    .         Rampage  .   (no gloves)
Will     .....                  (no boots)
Stlth    ++........             (no amulet)
HPRegen  0.08/turn              d - ring of wizardry
MPRegen  0.10/turn              (no ring)

@: lethally poisoned (0 -> -14), hasted, very quick
A: antennae 1, yellow scales 1, strong 1
a: no special abilities


You were on level 4 of the Dungeon.
You visited 1 branch of the dungeon, and saw 4 of its levels.

You collected 63 gold pieces.

Inventory:

Hand Weapons
 b - a +0 short sword (weapon)
 f - a +0 dagger of draining
Armour
 a - a +0 robe (worn)
 m - a +0 leather armour
Jewellery
 d - a ring of wizardry (left hand)
 h - an uncursed ring of positive energy {unknown}
 o - an uncursed ring of see invisible {unknown}
Scrolls
 c - 3 scrolls of remove curse {unknown}
 i - a scroll of identify {unknown}
 k - a scroll of fear {unknown}
 l - a scroll of teleportation {unknown}
 n - 3 scrolls of random uselessness {unknown}
Potions
 e - a potion of curing {unknown}
 j - a potion of haste


   Skills:
 + Level 2.2 Dodging
 - Level 1.7 Stealth
 + Level 2.3 Spellcasting
 * Level 1.8 Conjurations
 + Level 3.4 Fire Magic


You had 2 spell levels left.
You knew the following spells:

 Your Spells              Type           Power        Failure   Level
a - Foxfire               Conj/Fire      40%          2%          1
b - Conjure Flame         Conj/Fire      10%          8%          3

Your spell library contained the following spells:

 Spells                   Type           Power        Failure   Level
 Inner Flame              Hex/Fire       7%           12%         3
 Sticky Flame             Conj/Fire      10%          26%         4
 Fireball                 Conj/Fire      5%           54%         5


Dungeon Overview and Level Annotations

Branches:
Dungeon (4/15)
 Temple: D:4-7

Altars:
Hepliaklqana

Annotations:
D:3 Robin


Innate Abilities, Weirdness & Mutations

You are partially covered in yellow scales. (AC +2)
You have a pair of small antennae on your head.
Your muscles are strong. (Str +2)


Message History

Found a stone staircase leading up.
The worker ant bites you.
Found 2 scrolls labelled VOSYXKAWIE.
There is a stone staircase leading up here.
Casting: Conjure Flame (quite dangerous; 8% risk of failure)
Confirm with . or Enter, or press ? or * to list all spells.
Okay, then.
You closely miss the worker ant. The worker ant bites you.
You are poisoned.
The worker ant poisons you!
It was a potion of haste.
You feel yourself speed up.
You feel sick. The worker ant bites you.
* * * LOW HITPOINT WARNING * * *
You are more poisoned.
The worker ant poisons you!
It was a potion of mutation.
You feel extremely strange.
You feel stronger. A pair of antennae grows on your head!
* * * LOW HITPOINT WARNING * * *
You feel sick. The worker ant bites you.
You die...

## ### #.
# ...?
#.## .#
..##..#
#.###
......
..... #...
...#
#..###...#
#..@.....#
#.##B...##
#<##.##.#
#)##.##.#
#.......#
####.####
..# ###


You could see a worker ant.

Vanquished Creatures
  An adder (D:3)
  A giant cockroach (D:1)
  9 goblins
  10 hobgoblins
  7 jackals (D:1)
  4 kobolds
  2 bats (D:1)
  2 rats (D:1)
36 creatures vanquished.

Vanquished Creatures (others)
  77 foxfires
77 creatures vanquished.

Grand Total: 113 creatures vanquished

Notes
Turn   | Place    | Note
-------+----------+-------------------------------------------
     0 | D:1      | BiteMe the Demonspawn Fire Elementalist began the quest for
                  | the Orb.
     0 | D:1      | Reached XP level 1. HP: 13/13 MP: 3/3
   262 | D:1      | Reached skill level 3 in Fire Magic
   262 | D:1      | Gained mutation: You are partially covered in yellow
                  | scales. (AC +2) [demonic ancestry]
   262 | D:1      | Reached XP level 2. HP: 9/19 MP: 0/5
  1348 | D:1      | Reached XP level 3. HP: 9/24 MP: 0/6
  1352 | D:1      | Learned a level 3 spell: Conjure Flame
  2060 | D:3      | Found a hazy altar of Hepliaklqana.
  2069 | D:3      | Noticed Robin
  2118 | D:4      | Gained mutation: Your muscles are strong. (Str +2) [potion
                  | of mutation]
  2118 | D:4      | Gained mutation: You have a pair of small antennae on your
                  | head. [potion of mutation]
  2118 | D:4      | Slain by a worker ant

Illustrated notes

Levels and vault maps discovered:
D:1:      dpeg_arrival_another_circle, layout_rooms, st_stairs_1
D:2:      layout_rooms, minmay_misc_feat_cross, uniq_crazy_yiuf_cottage
D:3:      layout_basic, lemuel_round_altar, uniq_grinder, uniq_robin
D:4:      layout_loops_cross, gammafunk_temple_overflow_pools, serial_shops,
          shop_statue

Skill      XL: |  1  2 |
---------------+-------+-----
Fire Magic     | 3 |  3.4
Dodging        | 2 |  2.2
Stealth        | |  1.7
Spellcasting   | |  2.3
Conjurations   | |  1.8

Action                   || total
-------------------------++-------
Melee: Short sword       ||    35
 Cast: Foxfire           ||    48
       Conjure Flame     ||     1
  Use: Potion            ||     2
Armor: Robe              ||    25
Dodge: Dodged            ||    53
